 Dungeon Crawl Stone Soup version 0.29-a0-11-ga75d3d97ab (webtiles) character file.

Game seed: 7278425604040819639

5386 HallandMoats the Grappler (level 10, -3/92 HPs)
             Began as a Ghoul Monk on Jan 28, 2022.
             Was a Priest of Makhleb.
             Slain by Joseph (5 damage)
             ... on level 9 of the Dungeon on Jan 29, 2022.
             The game lasted 00:12:30 (12328 turns).

HallandMoats the Grappler (Ghoul Monk)             Turns: 12328, Time: 00:12:31

Health: -3/92      AC:  9    Str: 19 (20) XL:     10   Next: 66%
Magic:  13/13      EV: 11    Int:  4 (5)  God:    Makhleb [***...]
Gold:   685        SH:  0    Dex:  8 (11) Spells: 9/9 levels left

rFire   . . .      SeeInvis .     - Unarmed
rCold   + . .      Faith    .   (no shield)
rNeg    + + +      Spirit   .   b - +0 scale mail
rPois   ∞          Reflect  .   q - +0 helmet
rElec   .          Harm     .   x - +0 cloak
rCorr   .          Rampage  .   (no gloves)
Will    +....                   (no boots)
Stlth   ..........              (no amulet)
HPRegen 0.00/turn               t - ring of willpower
MPRegen 0.13/turn               (no ring)

@: inhibited regen
A: claws 1, cold resistance 1, negative energy resistance 3, inhibited
regeneration, torment resistance 2
a: Renounce Religion, Minor Destruction, Lesser Servant of Makhleb


You were on level 9 of the Dungeon.
You worshipped Makhleb.
Makhleb was most pleased with you.
You visited 2 branches of the dungeon, and saw 10 of its levels.

You collected 685 gold pieces.

Inventory:

Armour
 b - a +0 scale mail (worn)
 q - a +0 helmet (worn)
 x - a +0 cloak (worn)
Jewellery
 k - a ring of fire
 t - a ring of willpower (left claw)
Wands
 l - a wand of digging (2)
Scrolls
 c - a scroll of enchant armour
 d - 3 scrolls of fog
 e - 2 scrolls of teleportation {unknown}
 f - 2 scrolls of immolation
 g - 2 scrolls of blinking
 j - a scroll of torment {unknown}
 s - a scroll of amnesia {unknown}
 u - 2 scrolls of identify
Potions
 a - 2 potions of degeneration
 h - a potion of haste
 i - a potion of heal wounds {unknown}
 m - a potion of attraction {unknown}
 n - a potion of ambrosia {unknown}
 o - a potion of experience {unknown}
 p - a potion of curing
 r - a potion of berserk rage
 v - a potion of lignification {unknown}
 w - a potion of flight {unknown}


   Skills:
 * Level 9.7 Fighting
 + Level 5.1 Armour
 + Level 6.0 Dodging
 - Level 2.1 Stealth
 * Level 9.7 Unarmed Combat
 + Level 6.3 Invocations


You had 9 spell levels left.
You didn't know any spells.
Your spell library contained the following spells:

 Spells                   Type           Power      Damage    Failure   Level
 Ensorcelled Hibernation  Hex/Ice        0%         N/A       94%         2
 Scorch                   Fire           0%         2d5       94%         2
 Anguish                  Hex/Necr       0%         N/A       100%        4
 Flame Wave               Conj/Fire      0%         2d4       100%        4
 Summon Cactus Giant      Summ           0%         N/A       100%        6
 Spider Form              Tmut/Pois      Unusable   N/A       N/A         3

Dungeon Overview and Level Annotations

Branches:
Dungeon (9/15)             Temple (1/1) D:4
   Lair: D:8-11         Orc: D:9-12

Altars:
Ashenzari
Cheibriados
Dithmenos
Elyvilon
Fedhas
Gozag
Hepliaklqana
Kikubaaqudgha
Makhleb
Nemelex Xobeh
Okawaru
Qazlal
Ru
Sif Muna
Trog
Uskayaw
Vehumet
Wu Jian
Xom
Yredelemnul
Zin
The Shining One

Shops:
D:2 :   D:7 [

Annotations:
D:4 2 runed translucent doors, Clumpoid's ghost, novice GnFi
D:9 Joseph


Innate Abilities, Weirdness & Mutations

You thrive by killing the living.
You are immune to poison.
You have sharp fingernails.
Your flesh is cold resistant. (rC+)
You are immune to negative energy. (rN+++)
You do not regenerate when monsters are visible.
You are immune to unholy pain and torment.


Message History

The two-headed ogre burns!
The two-headed ogre burns!
The two-headed ogre hits you with a +0 giant club!
The two-headed ogre barely misses you.
You claw the two-headed ogre!
You kill the two-headed ogre!
Makhleb accepts your kill.
You feel better.
Joseph shoots a sling bullet.
The sling bullet hits you!
Your Dodging skill increases to level 6!
Joseph shoots a sling bullet.
The sling bullet hits you!
Things that are here:
a +0 giant club; a +0 giant club Joseph unwields a +0 vorpal hunting sling.
Joseph wields a +0 quarterstaff.
Joseph hits you with a +0 quarterstaff!
You completely miss Joseph. Your claw misses Joseph. Joseph misses you.
You barely miss Joseph. Joseph hits you with a +0 quarterstaff.
A demon appears!
Joseph hits you with a +0 quarterstaff!!
* * * LOW HITPOINT WARNING * * *
It was a potion of degeneration.
There was something very wrong with that liquid.
You feel weakened.
You feel dopey.
You feel clumsy.
Joseph says, "I've waited for this moment for such a long time."
Joseph hits you with a +0 quarterstaff!
* * * LOW HITPOINT WARNING * * *
Your ynoxinul gestures at Joseph.
The iron shot hits Joseph!!
It was a potion of curing.
You feel better. Joseph hits you with a +0 quarterstaff.
* * * LOW HITPOINT WARNING * * *
Your ynoxinul barely misses Joseph.
You feel better. Joseph hits you with a +0 quarterstaff!
* * * LOW HITPOINT WARNING * * *
Your ynoxinul barely misses Joseph.
You feel better. Joseph hits you with a +0 quarterstaff.
* * * LOW HITPOINT WARNING * * *
Your ynoxinul hits Joseph.
It was a potion of berserk rage.
You feel slightly irritated. Joseph hits you with a +0 quarterstaff.
You die...

##.##......# #.###. #.
.. #.###### #.# #. #. ##
#.# ##.###. #. #.#
#...### #. #(# #...# #
#. #÷#######...### #.
#..O..@........
#.########.####.........
#.....)@@...............
#######..3..............
#:.##########..... #.#..
#..### #.#.#. #.....
#.##. # #.#### #.# .#
#.#### #.# #. #.....
#.....


You could see Joseph (ally target) and a friendly ynoxinul (summoned).

Vanquished Creatures
  A two-headed ogre (D:9)
  A gargoyle (D:7)
  2 yaks (D:9)
  A wraith (D:9)
  A steam dragon (D:7)
  2 water moccasins
  2 orc warriors
  An ice beast (D:8)
  2 hornet zombies (D:8)
  3 ogres (D:5)
  A necrophage (D:6)
  3 centaurs
  2 bullfrogs
  A gnoll sergeant (D:6)
  A wyvern zombie (D:8)
  4 scorpions
  3 water moccasin zombies
  A wyvern skeleton (D:4)
  A water moccasin skeleton (D:5)
  6 killer bees (D:9)
  3 howler monkeys
  9 wights
  A bullfrog zombie (D:5)
  5 centaur zombies (D:8)
  3 hounds
  2 jellies
  6 orc priests
  A centaur skeleton (D:7)
  An iguana (D:4)
  3 orc wizards
  2 killer bee zombies (D:8)
  2 howler monkey zombies
  7 gnolls
  3 adders
  A shadow imp (D:5)
  An ufetubus (D:5)
  An adder skeleton (D:4)
  3 worms
  2 dart slugs
  52 orcs
  7 endoplasms
  3 giant cockroaches
  7 goblins
  3 hobgoblins
  4 jackals (D:3)
  7 kobolds
  2 quokkas (D:4)
  7 ball pythons
  5 bats
  A frilled lizard (D:2)
  4 rats
197 creatures vanquished.

Vanquished Creatures (collateral kills)
  A yak (D:9)
  An orc warrior (D:9)
2 creatures vanquished.

Grand Total: 199 creatures vanquished

Notes
Turn   | Place    | Note
-------+----------+-------------------------------------------
     0 | D:1      | HallandMoats the Ghoul Monk began the quest for the Orb.
     0 | D:1      | Reached XP level 1. HP: 19/19 MP: 0/0
    80 | D:1      | Found a faded altar of an unknown god.
   166 | D:1      | Reached XP level 2. HP: 26/26 MP: 1/1
  1070 | D:2      | Reached XP level 3. HP: 33/33 MP: 2/2
  1328 | D:2      | Found Vefu's Book Boutique.
  1341 | D:2      | Reached skill level 1 in Invocations
  1369 | D:2      | Reached XP level 4. HP: 40/40 MP: 3/3
  1737 | D:3      | Reached skill level 1 in Armour
  2002 | D:4      | Reached XP level 5. HP: 18/47 MP: 5/5
  3212 | D:4      | Reached XP level 6. HP: 40/55 MP: 6/6
  4242 | D:4      | Reached skill level 5 in Fighting
  4242 | D:4      | Reached skill level 5 in Unarmed Combat
  4424 | D:4      | Found a runed translucent door.
  4430 | D:4      | Noticed Clumpoid's ghost (novice GnFi)
  4451 | D:4      | Found a runed translucent door.
  4687 | D:4      | Found a staircase to the Ecumenical Temple.
  4795 | Temple   | Entered the Ecumenical Temple
  4937 | D:5      | Entered Level 5 of the Dungeon
  5020 | D:5      | Reached XP level 7. HP: 51/61 MP: 7/7
  5074 | D:5      | Found a burning altar of Makhleb.
  5084 | D:5      | Became a worshipper of Makhleb the Destroyer
  5084 | D:5      | Reached * piety under Makhleb
  5084 | D:5      | Reached ** piety under Makhleb
  6251 | D:5      | Reached XP level 8. HP: 53/70 MP: 9/9
  7065 | D:5      | Found an ornate altar of the Wu Jian Council.
  7270 | D:5      | Found a shimmering blue altar of Sif Muna.
  7753 | D:6      | Reached XP level 9. HP: 74/79 MP: 11/11
  8294 | D:6      | Reached *** piety under Makhleb
  8762 | D:7      | Found Gued's Armour Emporium.
  9444 | D:7      | Reached skill level 5 in Dodging
  9739 | D:7      | Found a shadowy altar of Dithmenos.
  9747 | D:7      | Found a snail-covered altar of Cheibriados.
  9748 | D:7      | Noticed a gargoyle
  9765 | D:7      | Killed a gargoyle
  9766 | D:7      | Reached skill level 5 in Invocations
  9769 | D:7      | Found a broken altar of Ashenzari.
  9770 | D:7      | Found a faded altar of an unknown god.
 10166 | D:8      | Found a stormy altar of Qazlal.
 10204 | D:8      | Found an iron altar of Okawaru.
 10205 | D:8      | Found a sparkling altar of Nemelex Xobeh.
 10782 | D:8      | Found a basalt altar of Yredelemnul.
 10818 | D:8      | Reached XP level 10. HP: 81/90 MP: 13/13
 11444 | D:9      | Reached **** piety under Makhleb
 12222 | D:9      | Reached skill level 5 in Armour
 12303 | D:9      | Noticed a two-headed ogre
 12305 | D:9      | Noticed Joseph
 12318 | D:9      | Killed a two-headed ogre
 12324 | D:9      | HP: 2/92 [Joseph (9)]
 12328 | D:9      | Slain by Joseph

Illustrated notes

Levels and vault maps discovered:
D:1:      minmay_arrival_diagonal_passages, layout_loops_cross,
          shapermc_ecumenical_altar_venn
D:2:      minmay_inner_zag, layout_basic, serial_shops, nicolae_square_shop,
          grunt_decor_clamped, serial_bayou_ford_a
D:3:      layout_basic, serial_bayou_lagoon_a
D:4:      layout_loops_ring, minmay_temple_entry_poolview,
          ebering_ghost_sewer_f, serial_park_tiny_1
D:5:      layout_cave_pools, makhleb_blood_cavern_becter,
          mainiacjoe_overflow_24_doors, led_sif_pool,
          minmay_fractal_squares_gapless_5
D:6:      layout_loops_ring, hangedman_decor_slide_cut
D:7:      layout_loops_ring, chequers_temple_overflow_minitemple, serial_shops,
          shop, eino_curves_03, nrook_mini_vaults
D:8:      layout_basic, grunt_temple_overflow_open,
          nicolae_yredelemnul_corpse_copse
D:9:      layout_loops_ring, dpeg_lair_monsters, minmay_guarded_unrand_finisher,
          uniq_joseph
Temple:   cyrus_temple_forest

Skill      XL: |  1  2  3  4  5  6  7  8  9 10 |
---------------+-------------------------------+-----
Invocations    | 1 2 3 4 5 6 |  6.3
Fighting       | 4 5 6 7 8 9 |  9.7
Unarmed Combat | 4 5 6 7 8 9 |  9.7
Dodging        | 3 4 5 6 |  6.0
Armour         | 1 2 3 4 5 |  5.1
Stealth        | |  2.1

Action                   |  1- 3 |  4- 6 |  7- 9 | 10-12 || total
-------------------------+-------+-------+-------+-------++-------
Melee: Unarmed           |    86 |   220 |   401 |   129 ||   836
       Punch             |     1 |     7 |    25 |    10 ||    43
Invok: Lesser Servant of |       |       |     1 |     3 ||     4
  Use: Scroll            |       |     4 |     2 |       ||     6
       Potion            |       |       |     2 |     5 ||     7
Armor: Scale mail        |    37 |    89 |   119 |    44 ||   289
Dodge: Dodged            |    37 |   121 |   209 |    70 ||   437

Table legend: (Time is in decaauts)
 A = Elapsed time spent in this place.
 B = Non-inter-level travel time spent in this place.
 C = Inter-level travel time spent in this place.
 D = Time resting spent in this place.
 E = Time spent auto-exploring this place.
 F = Levels seen in this place.
 G = Mean time per level.
                   A        B        C        D        E       F      G
               +--------+--------+--------+--------+--------+-----+--------+
         Total |  12254 |  11837 |    417 |   3804 |   6214 |  10 | 1225.4 |
       Dungeon |  12174 |  11783 |    391 |   3804 |   6166 |   9 | 1352.7 |
        Temple |     79 |     54 |     25 |      0 |     48 |   1 |   79.0 |
               +--------+--------+--------+--------+--------+-----+--------+

Top non-repeatable levels by time:
     D:4: 3732 daAuts
     D:5: 1569 daAuts
     D:8: 1358 daAuts
     D:7: 1280 daAuts
     D:3: 929 daAuts
     D:6: 867 daAuts
     D:1: 864 daAuts
     D:9: 787 daAuts
     D:2: 784 daAuts
  Temple: 79 daAuts
